 Dungeon Crawl Stone Soup version 0.23.2 (webtiles) character file.

Game seed: 8604825141053667269

283 Menchi the Covert (level 6, 0/35 HPs)
             Began as a Kobold Assassin on Apr 9, 2019.
             Slain by a gnoll
             ... wielding a +0 club
              (3 damage)
             ... on level 4 of the Dungeon.
             The game lasted 00:05:44 (3538 turns).

Menchi the Covert (Kobold Assassin)                 Turns: 3538, Time: 00:05:45

Health: 0/35       AC:  3    Str: 10    XL:     6   Next: 54%
Magic:  6/6        EV: 16    Int: 12    God:
Gold:   192        SH:  0    Dex: 17    Spells: 5/5 levels left

rFire    . . .     SeeInvis .   a - +2 dagger
rCold    + . .     Gourm    .   (shield restricted)
rNeg     . . .     Faith    .   c - +0 robe
rPois    .         Spirit   .   (no helmet)
rElec    .         Reflect  .   d - +0 cloak
rCorr    .         Harm     .   (no gloves)
MR       .....                  (no boots)
Stlth    ++........             (no amulet)
HPRegen  0.11/turn              o - ring of protection from cold
MPRegen  0.10/turn              (no ring)

@: glowing
A: small, carnivore
a: no special abilities


You were on level 4 of the Dungeon.
You were very full.

You visited 1 branch of the dungeon, and saw 4 of its levels.

You collected 192 gold pieces.

Inventory:

Hand Weapons
 a - a +2 dagger (weapon)
 b - a +0 blowgun
Missiles
 e - 38 poisoned needles
 f - 2 curare-tipped needles
Armour
 c - a +0 robe (worn)
 d - a +0 cloak (worn)
 r - a +0 buckler
Jewellery
 o - a ring of protection from cold (left hand)
Wands
 u - a wand of random effects (17)
Scrolls
 h - 3 scrolls of fog {unknown}
 i - 4 scrolls of identify {unknown}
 j - a scroll of teleportation {unknown}
 k - a scroll of noise {unknown}
 q - 2 scrolls of remove curse {unknown}
 s - a scroll of blinking {unknown}
Potions
 m - a potion of lignification
 n - 2 potions of curing {unknown}
 p - a potion of degeneration {unknown}
 t - a potion of might {unknown}
Comestibles
 g - 3 rations


   Skills:
 - Level 2.1 Fighting
 * Level 4.9 Short Blades
 - Level 2.1 Throwing
 * Level 3.1 Dodging
 * Level 8.2 Stealth
 * Level 0.8 Shields


You had 5 spell levels left.
You didn't know any spells.
Your spell library was empty.

Dungeon Overview and Level Annotations

Branches:
Dungeon (4/15)
 Temple: D:4-7

Altars:
Yredelemnul


Innate Abilities, Weirdness & Mutations

You are small and have problems with some larger weapons.
You are carnivorous and can eat meat at any time.


Message History

The gnoll is heavily wounded.
The gnoll hits you with a +0 spear.
* * * LOW HITPOINT WARNING * * *
You hit the gnoll but do no damage.
The gnoll is heavily wounded.
The gnoll closely misses you.
You hit the gnoll.
The gnoll is heavily wounded.
The gnoll hits you with a +0 spear.
* * * LOW HITPOINT WARNING * * *
You hit the gnoll.
The gnoll is severely wounded.
The hound bites you.
* * * LOW HITPOINT WARNING * * *
You hit the gnoll.
You kill the gnoll!
The hound closely misses you.
You hit the gnoll but do no damage. The hound barely misses you.
The gnoll hits you with a +0 club.
You die...

#######
#.##.#..#..#..#
#.####........#
#.# #.##.......
#.##
#.....>.#...
#..#
####.####.##
##.# #.# #.#
#h# #@# ##g# ##
... .# .#>##.#
#.#.# .# # #..
.# #g##.#.##
#.......#.###
#...g<.......


You could see a hound and a gnoll.

Vanquished Creatures
  A gnoll shaman (D:4)
  A hound (D:4)
  An orc wizard (D:3)
  3 gnolls
  8 adders
  3 worms
  2 dart slugs (D:1)
  4 leopard geckos
  4 orcs (D:3)
  4 giant cockroaches
  8 hobgoblins
  2 jackals (D:2)
  2 quokkas
  A ball python (D:1)
  9 bats
  11 frilled lizards
  7 goblins
  6 kobolds
  6 rats
83 creatures vanquished.

Notes
Turn   | Place    | Note
-------+----------+-------------------------------------------
     0 | D:1      | Menchi the Kobold Assassin began the quest for the Orb.
     0 | D:1      | Reached XP level 1. HP: 12/12 MP: 1/1
    96 | D:1      | Reached XP level 2. HP: 17/17 MP: 2/2
   112 | D:1      | Reached skill level 6 in Stealth
   420 | D:1      | Reached XP level 3. HP: 21/21 MP: 3/3
  1319 | D:2      | Reached XP level 4. HP: 25/26 MP: 4/4
  1420 | D:2      | Found a basalt altar of Yredelemnul.
  1598 | D:2      | Reached skill level 7 in Stealth
  2219 | D:3      | Reached XP level 5. HP: 18/30 MP: 5/5
  3228 | D:4      | Reached XP level 6. HP: 35/35 MP: 6/6
  3261 | D:4      | Reached skill level 8 in Stealth
  3538 | D:4      | Slain by a gnoll

Skill      XL: |  1  2  3  4  5  6 |
---------------+-------------------+-----
Stealth        | 6 7 8 |  8.2
Short Blades   | 3 4 |  4.9
Dodging        | 2 3 |  3.1
Fighting       | |  2.1
Throwing       | |  2.1
Shields        | |  0.8

Action                   |  1- 3 |  4- 6 || total
-------------------------+-------+-------++-------
Melee: Dagger            |   111 |   226 ||   337
 Fire: Blowgun           |       |     3 ||     3
  Use: Potion            |     1 |     2 ||     3
 Stab: Sleeping          |    11 |    14 ||    25
  Eat: Chunk             |    10 |     5 ||    15
Armor: Robe              |    13 |    13 ||    26
       Skin              |       |    35 ||    35
Dodge: Dodged            |    53 |   110 ||   163
